 Dungeon Crawl Stone Soup version 0.30.0-16-gbe6223bb7e (webtiles) character file.

Game seed: 16782821563237248981

506 Kenran the Slasher (level 7, -2/41 HPs)
             Began as a Gargoyle Berserker on May 20, 2023.
             Was a Believer of Trog.
             Splashed by a jelly's acid (4 damage)
             ... on level 4 of the Dungeon.
             The game lasted 00:07:27 (3855 turns).

Kenran the Slasher (Gargoyle Berserker)             Turns: 3855, Time: 00:07:28

Health: -2/41      AC: -2    Str: 21    XL:     7   Next: 18%
Magic:  7/7        EV: 10    Int:  7    God:    Trog [**....]
Gold:   261        SH:  3    Dex: 11    Spells: 6/6 levels left

rFire   . . .        a - +0 falchion
rCold   . . .        k - +0 buckler
rNeg    + . .        f - +0 ring mail
rPois   ∞            (no helmet)
rElec   +            s - +2 cloak
rCorr   .            (no gloves)
SInv    .            (no boots)
Will    .....        (no amulet)
Stlth   +            (no ring)
HPRegen 0.26/turn    (no ring)
MPRegen 0.10/turn

%: no passive effects
@: corroded
A: sickness immunity, AC +4, negative energy resistance 1, electricity
resistance, torment resistance 1, petrification resistance
a: Renounce Religion, Berserk, Trog's Hand


You were on level 4 of the Dungeon.
You worshipped Trog.
Trog was pleased with you.
You visited 1 branch of the dungeon, and saw 6 of its levels.

You collected 261 gold pieces.

Inventory:

Hand Weapons
 a - a +0 falchion (weapon)
 v - the +3 mace of Toep {heavy, +Blink rElec rC+}
   (You found it on level 4 of the Dungeon)

   rC:        It protects you from cold.
   rElec:     It insulates you from electricity.
   +Blink:    It lets you blink.
Armour
 f - a +0 ring mail (worn)
 k - a +0 buckler (worn)
 s - a +2 cloak (worn)
Wands
 u - a wand of iceblast (6)
Scrolls
 b - 3 scrolls of blinking
 d - a scroll of fear {unknown}
 e - a scroll of poison
 g - a scroll of magic mapping
 h - 5 scrolls of teleportation
 i - 2 scrolls of enchant weapon
 j - a scroll of silence
 l - 2 scrolls of fog
Potions
 c - a potion of ambrosia
 m - a potion of invisibility {unknown}
 n - a potion of magic {unknown}
 o - a potion of might {unknown}
 p - 2 potions of brilliance {unknown}
 q - a potion of cancellation {unknown}
 r - a potion of flight {unknown}
 t - a potion of curing {unknown}


   Skills:
 - Level 3.2 Fighting
 + Level 7.3 Long Blades
 - Level 2.1 Armour
 - Level 1.5 Dodging


You had 6 spell levels left.
You didn't know any spells.
Your spell library was empty.

Dungeon Overview and Level Annotations

Branches:
Dungeon (6/15)
 Temple: D:4-7

Altars:
Elyvilon
Hepliaklqana
Okawaru
Qazlal
Ru
Uskayaw
Vehumet
Zin
The Shining One


Innate Abilities, Weirdness & Mutations

You are immune to sickness and miasma.
Your stone body is resilient. (AC +4)
You are immune to poison.
You resist negative energy. (rN+)
You are resistant to electric shocks. (rElec)
You are resistant to unholy torment.
You are immune to petrification.


Message History

Found a stone staircase leading down.
There is a stone staircase leading down here.
Found a stone staircase leading up.
You see here the +3 mace of Toep {heavy, +Blink rElec rC+}.
v - the +3 mace of Toep {heavy, +Blink rElec rC+}
There is a stone staircase leading up here.
An orc and a jelly come into view.
The jelly quivers.
The orc moves out of view.
The orc shouts!
You hit the jelly.
Your hands burn!
The jelly is moderately wounded.
An orc comes into view. It is wielding a +0 dagger.
The jelly barely misses you.
The orc shouts!
You hit the jelly. The acid corrodes you!
Your hands burn!
The jelly is moderately wounded.
The jelly hits you but does no damage.
You hit the jelly. The acid corrodes you!
Your hands burn!
The jelly is severely wounded.
The jelly hits you but does no damage.
You hit the jelly but do no damage.
Your hands burn!
The jelly is severely wounded.
The jelly hits you. The acid corrodes you!
You are splashed with acid!
You are too injured to fight recklessly!
You are too injured to fight recklessly!
You hit the jelly but do no damage.
Your hands burn!
The jelly is severely wounded.
The jelly barely misses you.
You hit the jelly but do no damage.
Your hands burn!
The jelly is severely wounded.
The jelly hits you but does no damage.
You hit the jelly but do no damage. The acid corrodes you!
Your hands burn!
The jelly is severely wounded.
The jelly hits you.
* * * LOW HITPOINT WARNING * * *
The acid corrodes you!
You are splashed with acid!
* * * LOW HITPOINT WARNING * * *
You hit the jelly but do no damage.
Your hands burn!
You die...

.####.....###.## ..
#.......###.###.░.░.
#.......# ##........
#.......###.###.░...
##.....###.## ...
......#.#.## .░.. #
.###.####.## o....
#..###.####.####o..░..
#...........#.@Jo.....
#.####.######.###..░.░
#.# #.# #.###.....
###.####.# #....# ##
.......#.####
#<...##.###
.......#....#
##.........
.......###.#.####..#####
.......†..###......#
.......###.#.####..#


You could see a jelly and 3 orcs.

Vanquished Creatures
  A water moccasin (D:6)
  A phantom (D:4)
  A scorpion (D:3)
  A hound (D:3)
  Terence (D:2)
  2 iguanas (D:6)
  An orc wizard (D:3)
  2 adders
  2 white imps (D:6)
  A worm (D:2)
  3 dart slugs
  10 orcs
  8 endoplasms
  5 giant cockroaches (D:1)
  7 goblins
  6 hobgoblins
  3 jackals (D:3)
  2 quokkas
  9 ball pythons
  6 bats
  3 frilled lizards
  3 kobolds
  2 rats (D:1)
80 creatures vanquished.

Notes
Turn   | Place    | Note
-------+----------+-------------------------------------------
     0 | D:1      | Kenran the Gargoyle Berserker began the quest for the Orb.
     0 | D:1      | Reached XP level 1. HP: 14/14 MP: 1/1
   120 | D:1      | HP: 1/21 [quokka (1)]
   192 | D:1      | Reached skill level 3 in Long Blades
   210 | D:1      | Reached XP level 2. HP: 17/19 MP: 2/2
   583 | D:1      | Reached XP level 3. HP: 16/23 MP: 3/3
  1265 | D:2      | Found a faded altar of an unknown god.
  1288 | D:2      | Reached skill level 4 in Long Blades
  1830 | D:2      | Reached ** piety under Trog
  1855 | D:2      | Found a white marble altar of Elyvilon.
  1978 | D:2      | Noticed Terence
  1988 | D:2      | Killed Terence
  1989 | D:2      | Reached XP level 4. HP: 26/28 MP: 4/4
  2152 | D:3      | Noticed a scorpion
  2160 | D:3      | Killed a scorpion
  2161 | D:3      | Reached skill level 5 in Long Blades
  2161 | D:3      | Reached XP level 5. HP: 32/32 MP: 5/5
  2178 | D:3      | Found a stormy altar of Qazlal.
  2233 | D:3      | You fall into a shaft and drop 3 floors!
  2467 | D:6      | Noticed a water moccasin
  2479 | D:6      | Killed a water moccasin
  2480 | D:6      | Reached skill level 6 in Long Blades
  2480 | D:6      | Reached XP level 6. HP: 37/37 MP: 6/6
  2646 | D:5      | Entered Level 5 of the Dungeon
  2874 | D:3      | Found a hide-covered altar of Uskayaw.
  3233 | D:3      | Found a radiant altar of Vehumet.
  3237 | D:3      | Found a glowing silver altar of Zin.
  3323 | D:3      | Found a glowing golden altar of the Shining One.
  3463 | D:3      | Found an iron altar of Okawaru.
  3464 | D:3      | Found a hazy altar of Hepliaklqana.
  3467 | D:3      | Found a sacrificial altar of Ru.
  3720 | D:4      | Reached skill level 7 in Long Blades
  3720 | D:4      | Reached XP level 7. HP: 32/41 MP: 7/7
  3838 | D:4      | Identified the +3 mace of Toep {heavy, +Blink rElec rC+}
  3854 | D:4      | HP: 2/41 [acid (10)]
  3855 | D:4      | Splashed by a jelly's acid

Illustrated notes

Levels and vault maps discovered:
D:1:      dpeg_arrival_castle, layout_basic, moated_statue, minmay_pentomino_p4
D:2:      layout_loops_corners, hellmonk_ecumenical_altar_crossroads,
          basic_altar, uniq_terence
D:3:      layout_loops_ring, eat_drink_and_be_merry_uskayaw, lemuel_tele_altar,
          minitemple
D:4:      layout_loops_ring, minmay_temple_entry_glass, serial_bayou_pond_c
D:5:      layout_basic, kennysheep_mini, lightli_temple_of_fire,
          amcnicky_altar_gilded, nicolae_concentric_dashed_squares_wild,
          uniq_menkaure
D:6:      wad_crossroads, layout_basic

Skill      XL: |  1  2  3  4  5  6 |
---------------+-------------------+-----
Long Blades    | 3 4 5 6 7 |  7.3
Fighting       | |  3.2
Armour         | |  2.1
Dodging        | |  1.5

Action                     |  1- 3 |  4- 6 |  7- 9 || total
---------------------------+-------+-------+-------++-------
  Melee: Falchion          |   144 |   205 |    14 ||   363
         Punch             |     2 |       |       ||     2
 Invoke: Berserk           |     2 |     5 |       ||     7
    Use: Scroll            |       |     9 |       ||     9
 Armour: Animal skin       |    39 |       |       ||    39
         Ring mail         |    11 |    82 |     5 ||    98
  Dodge: Dodged            |    87 |    84 |     2 ||   173
  Block: Buckler           |       |    21 |       ||    21
